[Event "Titled Tuesday Blitz June 20 Early 2023"]
[White "Buscar, Michael"]
[Black "Janaszak, Dawid"]
[WhiteFideId "2603616"]
[BlackFideId "1119206"]
[WhiteElo "2010"]
[BlackElo "2220"]
[Result "0-1"]
[Round "7"]
[TimeControl "180+2"]
[Date "2023.06.20"]
[WhiteClock "0:00:06"]
[BlackClock "0:00:26"]
[Board "86"]

1. d4 d5 2. c4 e6 3. Nc3 c5 4. cxd5 cxd4 5. Qxd4 Nc6 6. Qd1 exd5 7. e3 Nf6 8. Nf3 Bd6 9. Bb5 O-O 10. O-O Bg4 11. Be2 Re8 12. Nb5 Bb8 13. Nbd4 Ne4 14. Nxc6 bxc6 15. Nd4 Qd6 16. g3 Bh3 17. Re1 Qf6 18. Bf3 c5 19. Bxe4 Rxe4 20. Nc2 Re5 21. b3 Rf5 22. Qe2 Be5 23. Rb1 h5 24. f4 Bc3 25. Bd2 Re8 26. Qd3 Bxd2 27. Qxd2 h4 28. Re2 Qg6 29. Qe1 Bg4 30. Rd2 d4 31. Rc1 hxg3 32. hxg3 Rh5 33. Qf2 Qe4 34. Qg2 Bf3 0-1


[Site "https://www.chess.com"]

[Event "Titled Tuesday Blitz June 20 Early 2023"]
[White "Skliarov, Viktor"]
[Black "Nithyalakshmi, Sivanesan"]
[WhiteFideId "14106736"]
[BlackFideId "5706955"]
[WhiteElo "2317"]
[BlackElo "1815"]
[Result "0-1"]
[Round "7"]
[TimeControl "180+2"]
[Date "2023.06.20"]
[WhiteClock "0:00:00"]
[BlackClock "0:00:03"]
[Board "87"]

1. e4 e6 2. d4 d5 3. e5 Bd7 4. c3 a6 5. Bd3 Bb5 6. Bc2 Ne7 7. a4 Bd7 8. Ne2 c5 9. O-O Nbc6 10. Nd2 cxd4 11. cxd4 Ng6 12. f4 Be7 13. f5 exf5 14. Bxf5 Bxf5 15. Rxf5 O-O 16. Nf3 Rc8 17. Bg5 Nh4 18. Bxh4 Bxh4 19. Nxh4 Qxh4 20. Ra3 Nd8 21. Rh3 Qe4 22. Rf4 Qc2 23. Qxc2 Rxc2 24. Nc3 Ne6 25. Rf2 Rc1+ 26. Rf1 Rc2 27. Rf2 Rc1+ 28. Rf1 Rxf1+ 29. Kxf1 Nxd4 30. Nxd5 Rd8 31. Nc3 Nc6 32. Re3 Re8 33. Rd3 Rxe5 34. Rd7 Re7 35. Rd6 g6 36. Nd5 Re6 37. Rd7 b5 38. axb5 axb5 39. Rb7 Nd4 40. Nc7 Rf6+ 41. Ke1 Rf5 42. g4 Rg5 43. h3 Kg7 44. Ne8+ Kf8 45. Nf6 Re5+ 46. Kd2 Kg7 47. Nd7 Rd5 48. Kc3 Ne2+ 49. Kb4 Rd2 50. b3 Rd3 51. Nc5 Rxh3 52. g5 h6 53. Ne6+ Kg8 54. Rb8+ Kh7 55. Nd8 Kg7 56. Ka5 hxg5 57. Rb7 Rf3 58. b4 Nd4 0-1


[Site "https://www.chess.com"]

[Event "Titled Tuesday Blitz June 20 Early 2023"]
[White "Goffredo_Fofi"]
[Black "Howell, David W L"]
[BlackFideId "410608"]
[WhiteElo "2508"]
[BlackElo "2567"]
[Result "0-1"]
[Round "7"]
[TimeControl "180+2"]
[Date "2023.06.20"]
[WhiteClock "0:00:03"]
[BlackClock "0:00:11"]
[Board "88"]

1. d4 e6 2. c4 Bb4+ 3. Bd2 a5 4. g3 d5 5. Bg2 Nf6 6. Qc2 c5 7. dxc5 d4 8. Nf3 O-O 9. O-O Bxc5 10. Rd1 Nc6 11. Bf4 Nd7 12. Ng5 g6 13. Ne4 Be7 14. Bh6 Re8 15. h4 e5 16. Na3 Nc5 17. Nb5 Bf5 18. a3 a4 19. Rac1 Qd7 20. Nbc3 Rac8 21. Nd5 Qe6 22. Re1 Bxe4 23. Bxe4 Nxe4 24. Qxe4 f5 25. Qc2 e4 26. Qxa4 Bd6 27. Rcd1 e3 28. f4 Qf7 29. b4 Re4 30. b5 Ne7 31. Nxe7+ Bxe7 32. Rc1 Bc5 33. Red1 Qe8 34. Qb3 b6 35. a4 Ra8 36. Ra1 Ra7 37. Qc2 Qa8 38. Qb3 Kf7 39. Ra2 Ke6 40. Rda1 Ra5 41. Rd1 Kd7 42. Rda1 Kc7 43. Rd1 Kb7 44. Rda1 Ka7 45. Rd1 Re7 46. Rda1 Qe4 47. Rd1 Re8 48. Qd3 Qe6 49. Rda1 Kb7 50. Rc1 Rea8 51. Rca1 Kc8 52. Qb3 Kd7 53. Rd1 Qe4 54. Rda1 Re8 55. Rd1 Kc7 56. Rda1 Kb7 57. Rd1 Rd8 58. Rb2 Rd7 59. Ra2 Kb8 60. Rb2 Qe7 61. Ra2 Bb4 62. Qd3 Bc3 63. Rc2 Qb4 64. Rxc3 Qxc3 65. Qxc3 dxc3 66. Rxd7 c2 67. Rd8+ Kc7 68. Rh8 c1=Q+ 69. Kg2 Qe1 70. Kf3 Qf2# 0-1


[Site "https://www.chess.com"]

[Event "Titled Tuesday Blitz June 20 Early 2023"]
[White "Lehtosaari, Mauri"]
[Black "Simonian, Hrair"]
[WhiteFideId "501999"]
[BlackFideId "13302337"]
[WhiteElo "2508"]
[BlackElo "2447"]
[Result "0-1"]
[Round "7"]
[TimeControl "180+2"]
[Date "2023.06.20"]
[WhiteClock "0:00:05"]
[BlackClock "0:01:17"]
[Board "89"]

1. d4 Nf6 2. Nf3 b6 3. Bg5 Bb7 4. Nbd2 g6 5. Bxf6 exf6 6. e3 h5 7. Bc4 Bh6 8. c3 f5 9. g3 O-O 10. a4 a5 11. h4 d6 12. Qc2 Nd7 13. Bf1 Nf6 14. Bg2 Kg7 15. O-O Ng4 16. Rfe1 Re8 17. b3 Qf6 18. c4 Re7 19. d5 Rae8 20. Rac1 Nxe3 21. fxe3 Bxe3+ 22. Kh1 Bc8 23. Qc3 f4 24. Qxf6+ Kxf6 25. gxf4 Bxf4 26. Rxe7 Rxe7 27. Rf1 Kg7 28. Kg1 Re2 29. Nb1 Rb2 30. Ng5 Be3+ 31. Kh1 Bxg5 32. hxg5 Rxb3 33. Nd2 Rb4 34. Re1 h4 35. Ne4 h3 36. Bf3 Bd7 37. Nf6 Bxa4 38. Be2 Rb3 39. Kh2 Re3 40. Ng4 Re8 41. Kg3 Bc2 42. Kf2 a4 43. Ra1 Ra8 44. Nf6 a3 45. Ke3 a2 46. Bd3 Ra3 47. Rh1 Rxd3+ 0-1


[Site "https://www.chess.com"]

[Event "Titled Tuesday Blitz June 20 Early 2023"]
[White "Tokhirjonova, Gulrukhbegim"]
[Black "Hambleton, Aman"]
[WhiteFideId "14203626"]
[BlackFideId "2606577"]
[WhiteElo "2265"]
[BlackElo "2511"]
[Result "1-0"]
[Round "7"]
[TimeControl "180+2"]
[Date "2023.06.20"]
[WhiteClock "0:00:18"]
[BlackClock "0:00:00"]
[Board "90"]

1. e4 b6 2. d4 Bb7 3. Nc3 e6 4. Nf3 Bb4 5. Bd3 Nf6 6. Qe2 d5 7. exd5 Qxd5 8. Bd2 Bxc3 9. bxc3 Qh5 10. Ne5 Qxe2+ 11. Kxe2 Nbd7 12. f4 a6 13. a4 Ne4 14. a5 b5 15. c4 bxc4 16. Bxc4 f6 17. Nf3 Bd5 18. Bd3 Nd6 19. Ra4 f5 20. c4 Be4 21. Ne5 Nxe5 22. fxe5 Bxd3+ 23. Kxd3 Ne4 24. Be3 Kd7 25. Rb1 Rhb8 26. Rab4 Rxb4 27. Rxb4 Kc8 28. d5 Kd7 29. Rb7 Kc8 30. Rb1 Kd7 31. g3 g6 32. Bd4 Rd8 33. Rb7 exd5 34. Ra7 dxc4+ 35. Kxc4 Ke6 36. Rxa6+ Kd7 37. Ra7 Kc6 38. Ra6+ Kb7 39. Re6 Nd2+ 40. Kc3 Ne4+ 41. Kc4 Nd2+ 42. Kc3 Nf3 43. a6+ Kb8 44. Bc5 Rd5 45. Re8+ 1-0


[Site "https://www.chess.com"]

[Event "Titled Tuesday Blitz June 20 Early 2023"]
[White "Shuvalov, Evgenij"]
[Black "Veiga, Jose Francisco R P Neves"]
[WhiteFideId "4187237"]
[BlackFideId "1930087"]
[WhiteElo "2080"]
[BlackElo "2319"]
[Result "1-0"]
[Round "7"]
[TimeControl "180+2"]
[Date "2023.06.20"]
[WhiteClock "0:00:21"]
[BlackClock "0:00:10"]
[Board "91"]

1. d4 c5 2. d5 Nf6 3. c4 e6 4. Nc3 d6 5. Nf3 g6 6. Nd2 Bg7 7. e4 O-O 8. Be2 Na6 9. O-O Nc7 10. Re1 Nd7 11. Qc2 a6 12. a4 b6 13. Rb1 Rb8 14. b4 exd5 15. cxd5 b5 16. axb5 Nxb5 17. Bxb5 axb5 18. Bb2 c4 19. Nf3 Ne5 20. Nxe5 Bxe5 21. Ne2 Qf6 22. f4 Bxb2 23. Qxb2 Qxb2 24. Rxb2 Bd7 25. Ra2 Ra8 26. Rea1 Rxa2 27. Rxa2 Re8 28. Nc3 f5 29. Ra7 Rd8 30. Kf2 fxe4 31. Nxe4 Kf7 32. Ke3 Ke7 33. Kd4 Rf8 34. g3 h6 35. h4 Rf5 36. Nc3 Kd8 37. Ra8+ Ke7 38. Rh8 g5 39. fxg5 hxg5 40. h5 Rf3 41. Rh7+ Kd8 42. Rh8+ Kc7 43. Ne2 Bf5 44. Nc1 c3 45. Rf8 c2 46. g4 Bxg4 47. Rxf3 Bxf3 48. h6 g4 49. h7 g3 50. h8=Q 1-0


[Site "https://www.chess.com"]

[Event "Titled Tuesday Blitz June 20 Early 2023"]
[White "Aggelis, Nikolaos"]
[Black "Danielyan, Vahe"]
[WhiteFideId "4213220"]
[BlackFideId "13304828"]
[WhiteElo "2189"]
[BlackElo "2423"]
[Result "0-1"]
[Round "7"]
[TimeControl "180+2"]
[Date "2023.06.20"]
[WhiteClock "0:00:05"]
[BlackClock "0:00:30"]
[Board "92"]

1. c4 e6 2. g3 d5 3. Bg2 Nf6 4. Nf3 Be7 5. d4 O-O 6. O-O c6 7. Nbd2 b6 8. b3 Bb7 9. Bb2 Nbd7 10. Ne5 Rc8 11. Nxd7 Qxd7 12. Rc1 Rfd8 13. e4 c5 14. exd5 exd5 15. dxc5 bxc5 16. Bxf6 Bxf6 17. cxd5 Bxd5 18. Bxd5 Qxd5 19. Nc4 Bd4 20. Qg4 Rc6 21. Qh3 Rf6 22. Qg2 Qf5 23. Rcd1 Qxf2+ 24. Qxf2 Rxf2 25. Kh1 Rxa2 26. Ne5 Re8 27. Nc6 Ree2 28. Nxd4 Rxh2+ 0-1


[Site "https://www.chess.com"]

[Event "Titled Tuesday Blitz June 20 Early 2023"]
[White "Martinez Ramirez, Lennis"]
[Black "Khamdamova, Afruza"]
[WhiteFideId "3509079"]
[BlackFideId "14210444"]
[WhiteElo "2410"]
[BlackElo "2312"]
[Result "1-0"]
[Round "7"]
[TimeControl "180+2"]
[Date "2023.06.20"]
[WhiteClock "0:00:48"]
[BlackClock "0:00:00"]
[Board "93"]

1. c4 e6 2. Nc3 d5 3. cxd5 exd5 4. d4 Nf6 5. Bg5 Be7 6. e3 O-O 7. Bd3 c6 8. Qc2 Nbd7 9. Nge2 Re8 10. O-O-O b5 11. h4 h6 12. Bf4 a5 13. f3 Ba6 14. g4 b4 15. Na4 Bxd3 16. Rxd3 c5 17. dxc5 Nxc5 18. Nxc5 Bxc5 19. Kb1 Rc8 20. Qd2 Qb6 21. Ng3 a4 22. g5 Nh7 23. gxh6 g6 24. Ne2 b3 25. Nc3 bxa2+ 26. Ka1 a3 27. Nxd5 axb2+ 28. Qxb2 Qxb2+ 29. Kxb2 Ra8 30. Ra1 Bf8 31. Rxa2 Rxa2+ 32. Kxa2 Ra8+ 33. Kb2 Rc8 34. e4 Re8 35. Rc3 Ra8 36. Rc7 Ba3+ 37. Kb3 Bf8 38. Kc4 Ra4+ 39. Kd3 Ra3+ 40. Ke2 Ra2+ 41. Ke3 Ra8 42. Nb6 Re8 43. Nd7 Be7 44. Bg5 Nxg5 45. hxg5 Bxg5+ 46. f4 Be7 47. Ne5 Bf6 48. Nxf7 Re7 49. Rxe7 Bxe7 50. Ng5 Bf6 51. e5 Be7 52. Ke4 Bb4 53. Kd5 Bd2 54. e6 Bb4 55. Ke5 Be7 56. Kd5 Bf8 57. Kc6 Be7 58. Kd7 1-0


[Site "https://www.chess.com"]

[Event "Titled Tuesday Blitz June 20 Early 2023"]
[White "Delorme, Axel"]
[Black "Itgelt, Khuyagtsogt"]
[WhiteFideId "632023"]
[BlackFideId "4902912"]
[WhiteElo "2478"]
[BlackElo "2227"]
[Result "0-1"]
[Round "7"]
[TimeControl "180+2"]
[Date "2023.06.20"]
[WhiteClock "0:00:00"]
[BlackClock "0:00:01"]
[Board "94"]

1. e4 e6 2. d4 d5 3. Nc3 Bb4 4. e5 c5 5. a3 Bxc3+ 6. bxc3 Qa5 7. Bd2 Qa4 8. h4 b6 9. h5 h6 10. Qg4 Kf8 11. Rh3 Ne7 12. Qd1 Ba6 13. Nf3 Nbc6 14. Bxa6 Qxa6 15. Qe2 Qa4 16. Qd3 c4 17. Qe2 Qxc2 18. g4 Qe4 19. Qxe4 dxe4 20. Nh2 Nd5 21. Nf1 f5 22. gxf5 exf5 23. f3 Ke7 24. O-O-O Raf8 25. Re1 exf3 26. Rxf3 Rhg8 27. Ng3 Ke6 28. Ref1 Nce7 29. Kc2 b5 30. a4 a6 31. axb5 axb5 32. Bc1 g5 33. hxg6 Rxg6 34. Rh1 Rfg8 35. Rxh6 Rxh6 36. Bxh6 f4 37. Ne4 Rg2+ 38. Rf2 Rg4 39. Bf8 Ne3+ 40. Kb2 N7d5 41. Nc5+ Kf5 42. Ka3 Rg6 43. e6 Rxe6 44. Nxe6 Kxe6 45. Bh6 Kf5 46. Bxf4 Nxf4 47. Kb4 Ke4 48. Kxb5 Nfd5 49. Kc5 Nxc3 50. Rh2 Ncd5 51. Rh4+ Kd3 52. Rh3 c3 53. Rh2 Nf4 54. Rh1 Ne2 55. Re1 c2 56. Ra1 Nd1 0-1


[Site "https://www.chess.com"]

[Event "Titled Tuesday Blitz June 20 Early 2023"]
[White "Gritsenko, Nikolai"]
[Black "Reprintsev, Alexander"]
[WhiteFideId "14112493"]
[BlackFideId "14100541"]
[WhiteElo "2389"]
[BlackElo "2229"]
[Result "1-0"]
[Round "7"]
[TimeControl "180+2"]
[Date "2023.06.20"]
[WhiteClock "0:00:15"]
[BlackClock "0:00:19"]
[Board "95"]

1. d4 d5 2. Bg5 Nc6 3. Nf3 f6 4. Bc1 e5 5. dxe5 fxe5 6. e4 dxe4 7. Qxd8+ Nxd8 8. Nxe5 Nf6 9. Nc3 Bd6 10. Nc4 Bb4 11. Bd2 Be6 12. Nxe4 Bxd2+ 13. Nexd2 Nc6 14. Ne3 O-O-O 15. a3 Rhe8 16. O-O-O g5 17. Bb5 Bd7 18. Rhe1 h5 19. h3 g4 20. hxg4 hxg4 21. Nb3 a6 22. Bxc6 Bxc6 23. Nd4 Bd7 24. f3 gxf3 25. gxf3 Nh5 26. Ng4 Rf8 27. Ne5 Be8 28. Ne6 Rxd1+ 29. Rxd1 1-0


[Site "https://www.chess.com"]

[Event "Titled Tuesday Blitz June 20 Early 2023"]
[White "Florescu, Codrut-Constantin"]
[Black "Rios Escobar, Adan"]
[WhiteFideId "1202200"]
[BlackFideId "3403645"]
[WhiteElo "2191"]
[BlackElo "2490"]
[Result "1-0"]
[Round "7"]
[TimeControl "180+2"]
[Date "2023.06.20"]
[WhiteClock "0:00:16"]
[BlackClock "0:00:00"]
[Board "96"]

1. e4 c5 2. Nf3 d6 3. d3 Nc6 4. g3 g6 5. Bg2 Bg7 6. O-O Nf6 7. Nc3 O-O 8. h3 Nd7 9. Bg5 a6 10. Qd2 Rb8 11. Bh6 b5 12. Bxg7 Kxg7 13. a3 e5 14. Nh4 Nd4 15. Nd5 Bb7 16. c3 Nb3 17. Qe3 Nxa1 18. Rxa1 Bxd5 19. exd5 f5 20. f4 exf4 21. Qxf4 Qf6 22. Nf3 h6 23. d4 Rbe8 24. dxc5 Nxc5 25. Nd4 Qe5 26. Qf2 f4 27. g4 Qe3 28. Rf1 Re5 29. h4 Nd3 30. Qxe3 fxe3 31. Bf3 Rfe8 32. Ne6+ Kh8 33. Be2 Nxb2 34. Rf7 Nc4 35. Nf8 Rxf8 36. Rxf8+ Kg7 37. Ra8 Rxd5 38. Bxc4 bxc4 39. Kf1 Ra5 40. Ke2 Rxa3 41. Kxe3 Rxc3+ 42. Ke4 Rd3 43. g5 hxg5 44. hxg5 d5+ 45. Ke5 c3 46. Ra7+ Kf8 47. Kf6 Ke8 48. Ke6 Kd8 49. Kd6 Kc8 50. Rxa6 Kb7 51. Rc6 d4 52. Kd5 Rd2 53. Rxg6 c2 54. Rc6 d3 55. g6 Rd1 56. g7 c1=Q 57. Rxc1 Rxc1 58. g8=Q d2 59. Qh7+ Kb8 60. Qh2+ 1-0


[Site "https://www.chess.com"]

[Event "Titled Tuesday Blitz June 20 Early 2023"]
[White "Papayan, Oleg"]
[Black "Vaibhav Jayant Raut"]
[WhiteFideId "4193911"]
[BlackFideId "5089034"]
[WhiteElo "2167"]
[BlackElo "2156"]
[Result "0-1"]
[Round "7"]
[TimeControl "180+2"]
[Date "2023.06.20"]
[WhiteClock "0:00:00"]
[BlackClock "0:00:54"]
[Board "97"]

1. e4 c5 2. d4 cxd4 3. Qxd4 Nc6 4. Qd3 Nf6 5. Nc3 d6 6. Nf3 g6 7. Be2 Bg7 8. O-O O-O 9. Nd5 Nxd5 10. exd5 Bf5 11. Qd1 Ne5 12. c3 Nxf3+ 13. Bxf3 a5 14. a4 Qb6 15. Re1 Rfe8 16. Qe2 Rac8 17. Be3 Qb3 18. Qb5 Bc2 19. Ra3 Qxb5 20. axb5 a4 21. Bg4 Rc4 22. Bd7 Rd8 23. Bh3 Be4 24. Bb6 Ra8 25. f3 Bxd5 26. Rxe7 Bf6 27. Rd7 Be5 28. Bc7 Rc5 29. b6 Bc6 30. Rd8+ Rxd8 31. Bxd8 Rb5 32. Rxa4 Rxb2 33. Ra8 Kg7 34. Bc7 Bxc3 35. Bxd6 Bd4+ 36. Kf1 Bb5+ 37. Ke1 Bc3+ 38. Kd1 Rd2+ 39. Kc1 Rxd6 0-1


[Site "https://www.chess.com"]

[Event "Titled Tuesday Blitz June 20 Early 2023"]
[White "Vlassov, Nikolai"]
[Black "Rizzo, Tobias"]
[WhiteFideId "4103360"]
[BlackFideId "30942691"]
[WhiteElo "2324"]
[BlackElo "2482"]
[Result "1-0"]
[Round "7"]
[TimeControl "180+2"]
[Date "2023.06.20"]
[WhiteClock "0:00:14"]
[BlackClock "0:00:31"]
[Board "98"]

1. e4 c5 2. c3 d5 3. exd5 Qxd5 4. d4 cxd4 5. cxd4 Nc6 6. Nf3 e5 7. Nc3 Bb4 8. Be2 e4 9. O-O Bxc3 10. bxc3 Bf5 11. c4 Qd7 12. d5 exf3 13. Bxf3 Nce7 14. d6 Nc6 15. Bb2 Nf6 16. Re1+ Be6 17. c5 O-O 18. Qd2 Ne8 19. Rad1 Rc8 20. Re4 b6 21. cxb6 axb6 22. Rh4 Rd8 23. Ba3 Bf5 24. Qd5 Rc8 25. Rf4 Be6 26. Qh5 Nf6 27. Rxf6 gxf6 28. Be4 f5 29. Qg5+ Kh8 30. Qf6+ Kg8 31. Bb2 1-0


[Site "https://www.chess.com"]

[Event "Titled Tuesday Blitz June 20 Early 2023"]
[White "Kononenko, Dmitry"]
[Black "Gomez Barrera, Javiera Belen"]
[WhiteFideId "14113538"]
[BlackFideId "3418723"]
[WhiteElo "2198"]
[BlackElo "2119"]
[Result "1-0"]
[Round "7"]
[TimeControl "180+2"]
[Date "2023.06.20"]
[WhiteClock "0:01:03"]
[BlackClock "0:00:02"]
[Board "99"]

1. e4 d6 2. d4 Nf6 3. Nc3 e5 4. dxe5 dxe5 5. Qxd8+ Kxd8 6. f4 Bb4 7. Bd3 Nc6 8. Nf3 exf4 9. Bxf4 Bg4 10. O-O-O Bxf3 11. gxf3 Bxc3 12. bxc3 Kc8 13. Bc4 Rf8 14. Rhg1 g6 15. Bh6 Rd8 16. Bxf7 Rxd1+ 17. Rxd1 b6 18. Bg5 Nh5 19. f4 Kb7 20. e5 Rf8 21. e6 Kc8 22. Rd7 Rh8 23. Rd3 h6 24. e7 hxg5 25. e8=Q+ Rxe8 26. Bxe8 Ne7 27. fxg5 Nf4 28. Rf3 Ne6 29. h4 Kd8 30. Bb5 c6 31. Bd3 Nc5 32. Rf6 Kd7 33. Bxg6 Nd5 34. Rf3 Ne6 35. Bf5 Ke7 36. Bxe6 Kxe6 37. h5 Ke7 1-0


[Site "https://www.chess.com"]

[Event "Titled Tuesday Blitz June 20 Early 2023"]
[White "Andreev, Konstantin"]
[Black "Jakubowski, Krzysztof"]
[WhiteFideId "24239305"]
[BlackFideId "1112848"]
[WhiteElo "2106"]
[BlackElo "2359"]
[Result "0-1"]
[Round "7"]
[TimeControl "180+2"]
[Date "2023.06.20"]
[WhiteClock "0:00:06"]
[BlackClock "0:00:05"]
[Board "100"]

1. e4 c5 2. Nf3 e6 3. d4 cxd4 4. Nxd4 a6 5. Bd3 Bc5 6. Nb3 Ba7 7. Nc3 Nc6 8. Bd2 Nge7 9. Qe2 O-O 10. O-O-O b5 11. Kb1 Bb7 12. e5 Nb4 13. Be4 Qc7 14. Bxb7 Qxb7 15. Ne4 Nbd5 16. f4 Bb6 17. Nbc5 Qc6 18. Nd3 a5 19. g4 a4 20. a3 Rac8 21. Rc1 Bc7 22. Rhf1 d6 23. Nb4 Qd7 24. f5 dxe5 25. f6 Nxf6 26. Rxf6 Ng6 27. Rf3 f5 28. Rd3 Qe8 29. Nd6 Bxd6 30. Rxd6 e4 31. Rb6 Ne5 32. Bc3 Nxg4 33. Rg1 Rf7 34. h3 Nf6 35. Rxb5 Rd8 36. Rb6 Nd5 37. Nxd5 exd5 38. Qe3 f4 39. Qd4 Qf8 40. Bb4 Qe8 41. Bc3 Qd7 42. Rf6 Rdf8 43. Rxf4 h5 44. Rf2 Kh7 45. Rfg2 Rg8 46. Rg5 g6 47. Rxh5+ gxh5 48. Rxg8 Rf1+ 49. Ka2 Kxg8 50. Qh8+ Kf7 51. Qxh5+ Ke6 52. Qg4+ Rf5 53. Qg6+ Ke7 54. Bb4+ Kd8 55. Ba5+ Kc8 56. Qa6+ Kb8 57. Qb6+ Ka8 58. Qc5 Kb7 59. Bc3 Qc6 60. Qb4+ Ka6 61. Bd4 Qc4+ 62. Qxc4+ dxc4 63. h4 Rf3 64. h5 Rh3 65. h6 Rxh6 66. b3 Rh3 67. Kb2 e3 68. Kc3 cxb3 69. cxb3 e2+ 70. Kd2 Rxb3 71. Kxe2 Rxa3 72. Kd2 Rb3 73. Kc2 Kb5 74. Be5 Kc4 75. Bd6 a3 76. Be7 a2 77. Bf6 Rb1 78. Bg7 a1=Q 79. Bxa1 0-1


[Site "https://www.chess.com"]

[Event "Titled Tuesday Blitz June 20 Early 2023"]
[White "Becerra, Juan David"]
[Black "Jovic, Stanoje"]
[WhiteFideId "4404998"]
[BlackFideId "905020"]
[WhiteElo "2304"]
[BlackElo "2236"]
[Result "1/2-1/2"]
[Round "7"]
[TimeControl "180+2"]
[Date "2023.06.20"]
[WhiteClock "0:00:05"]
[BlackClock "0:00:05"]
[Board "101"]

1. e4 c6 2. c4 d5 3. cxd5 cxd5 4. exd5 Nf6 5. Qa4+ Nbd7 6. Nc3 g6 7. Bc4 Bg7 8. d3 O-O 9. Nf3 a6 10. Qa3 b6 11. O-O Bb7 12. Re1 Re8 13. Be3 b5 14. Bb3 Nb6 15. Bxb6 Qxb6 16. Qb4 Qd6 17. Qxd6 exd6 18. a4 b4 19. Ne4 Nxe4 20. dxe4 Bxb2 21. Rab1 Bc3 22. Re2 a5 23. Bc4 Rac8 24. Bb5 Re7 25. Ne1 Kg7 26. Nd3 Bxd5 27. Nxb4 Bxe4 28. Nd5 Bxb1 29. Nxe7 Rc5 30. g3 Re5 31. Rxe5 dxe5 32. Kf1 f5 33. Ke2 e4 34. Nd5 Bd4 35. h4 Ba2 36. Ne3 Kf6 37. f4 exf3+ 38. Kxf3 Ke5 39. Nc4+ Kf6 40. Nxa5 Bd5+ 41. Ke2 g5 42. hxg5+ Kxg5 43. Bc6 Ba2 44. Kf3 Bb6 45. Nb7 Bb3 46. a5 Bd1+ 47. Kg2 Be3 48. Bf3 Bc2 49. a6 Bd3 50. Nd6 Bxa6 51. Nf7+ Kf6 52. Nd6 h6 53. Ne8+ Ke5 54. Nc7 Bc4 55. Ne8 Bg5 56. Nc7 Bf6 57. Na8 Bd8 58. Bb7 Bd5+ 59. Bxd5 Kxd5 60. Kf3 Ke5 61. Ke3 h5 62. Kf3 Ba5 63. Ke3 Kf6 64. Kf4 Kg6 65. Kf3 Kg5 66. Kf2 Kg4 67. Kg2 Bd8 68. Kf2 f4 69. gxf4 Kxf4 70. Kg2 Kg4 71. Kh1 h4 72. Kg2 h3+ 73. Kh1 Kg3 74. Kg1 Ba5 75. Kh1 h2 76. Nb6 Bxb6 1/2-1/2


[Site "https://www.chess.com"]

[Event "Titled Tuesday Blitz June 20 Early 2023"]
[White "Ilkhomi, Jaloliddin"]
[Black "Heinemann, Josefine"]
[WhiteFideId "14700948"]
[BlackFideId "12900460"]
[WhiteElo "2045"]
[BlackElo "2342"]
[Result "0-1"]
[Round "7"]
[TimeControl "180+2"]
[Date "2023.06.20"]
[WhiteClock "0:01:02"]
[BlackClock "0:01:22"]
[Board "102"]

1. Nf3 d5 2. c4 c6 3. cxd5 cxd5 4. d4 Nc6 5. Nc3 Nf6 6. Bf4 Bf5 7. e3 e6 8. Qb3 Bb4 9. Bb5 O-O 10. Bxc6 Bxc3+ 11. Qxc3 bxc6 12. Qxc6 Qa5+ 13. Qc3 Qxc3+ 14. bxc3 Rfc8 15. Rc1 Ne4 16. O-O Nxc3 17. Kh1 Ne2 18. Rxc8+ Rxc8 19. Bd6 f6 20. Bc5 a6 21. Re1 Nc3 22. Rc1 Na4 23. Nd2 Bd3 24. f3 Kf7 25. Kg1 g5 26. Kf2 h5 27. e4 Ke8 28. Ke3 Bb5 29. h4 gxh4 30. Nb3 Kd7 31. Rh1 Bc4 32. Rxh4 Bxb3 33. axb3 Nxc5 34. dxc5 Rxc5 35. Rxh5 d4+ 36. Kxd4 Rxh5 0-1


[Site "https://www.chess.com"]

[Event "Titled Tuesday Blitz June 20 Early 2023"]
[White "Savitha Shri B"]
[Black "Mendez Fortes, Eduardo Jesus"]
[WhiteFideId "35061887"]
[BlackFideId "3502376"]
[WhiteElo "2172"]
[BlackElo "2307"]
[Result "1-0"]
[Round "7"]
[TimeControl "180+2"]
[Date "2023.06.20"]
[WhiteClock "0:00:36"]
[BlackClock "0:00:13"]
[Board "103"]

1. d4 Nf6 2. c4 e6 3. Nc3 Bb4 4. Qc2 O-O 5. e4 d5 6. cxd5 exd5 7. e5 Ne4 8. Bd3 c5 9. Bxe4 dxe4 10. dxc5 Nd7 11. a3 Bxc5 12. Bf4 e3 13. fxe3 b5 14. Nf3 Bb7 15. O-O Qb6 16. Rae1 Rae8 17. Qf5 Bc8 18. Nd5 Qb7 19. Qd3 h6 20. Kh1 Nb6 21. e4 Be6 22. Qxb5 Bxd5 23. exd5 Qxd5 24. Rd1 Qe4 25. Bxh6 Bxa3 26. Bxg7 Kxg7 27. bxa3 Rh8 28. Rd4 Qf5 29. Nh4 Qxe5 30. Rg4+ Kf8 31. Ng6+ 1-0


[Site "https://www.chess.com"]

[Event "Titled Tuesday Blitz June 20 Early 2023"]
[White "Grossboss19"]
[Black "Ovchinnikov, Vsevolod"]
[BlackFideId "24176842"]
[WhiteElo "2440"]
[BlackElo "2376"]
[Result "0-1"]
[Round "7"]
[TimeControl "180+2"]
[Date "2023.06.20"]
[WhiteClock "0:00:20"]
[BlackClock "0:00:06"]
[Board "104"]

1. c4 e5 2. Nc3 Nf6 3. g3 Bb4 4. Bg2 c6 5. d3 O-O 6. Bd2 Re8 7. e3 d5 8. cxd5 cxd5 9. Nge2 Nc6 10. O-O Bf5 11. e4 Be6 12. a3 Be7 13. Bg5 d4 14. Bxf6 Bxf6 15. Nd5 Be7 16. Rc1 Rc8 17. b4 Bd6 18. f4 f6 19. Kh1 Ne7 20. Rxc8 Qxc8 21. Qa4 Nxd5 22. exd5 Bg4 23. Rc1 Qd8 24. fxe5 fxe5 25. Ng1 a6 26. Nf3 Bf5 27. Rd1 Rf8 28. Qb3 Bg4 29. Rf1 Qc8 30. Qc4 Qd7 31. Ng5 Rxf1+ 32. Bxf1 Qf5 33. Bg2 Qxg5 34. h3 Bd7 35. a4 h5 36. b5 axb5 37. axb5 Qxg3 38. Qa4 e4 39. dxe4 Qh2# 0-1


[Site "https://www.chess.com"]

[Event "Titled Tuesday Blitz June 20 Early 2023"]
[White "Subelj, Jan"]
[Black "Sai Han Thiha"]
[WhiteFideId "14618583"]
[BlackFideId "13012290"]
[WhiteElo "2499"]
[BlackElo "1953"]
[Result "1-0"]
[Round "7"]
[TimeControl "180+2"]
[Date "2023.06.20"]
[WhiteClock "0:01:04"]
[BlackClock "0:00:00"]
[Board "105"]

1. e4 c6 2. b3 d5 3. e5 c5 4. Bb2 Nc6 5. Bb5 Qc7 6. Nf3 Bg4 7. O-O e6 8. h3 Bxf3 9. Qxf3 Ne7 10. Re1 a6 11. Bf1 Ng6 12. Qg3 h5 13. d3 h4 14. Qh2 Rh5 15. Be2 Rg5 16. Nd2 Ncxe5 17. f4 Bd6 18. fxe5 Nxe5 19. Qh1 c4 20. Nf3 c3 21. Bc1 Bc5+ 22. Kf1 Nxf3 23. Bxf3 Qg3 24. Re2 Re5 25. b4 Ba7 26. a4 Rc8 27. b5 a5 28. Rb1 Bb6 29. Rb3 f6 30. Bg4 Rxe2 31. Kxe2 Qf2+ 32. Kd1 Qd4 33. Bxe6 Rd8 34. Qe1 Kf8 35. Ba3+ Bc5 36. Qxc3 1-0


[Site "https://www.chess.com"]

[Event "Titled Tuesday Blitz June 20 Early 2023"]
[White "Bodnaruk, Anastasia"]
[Black "Ansh M Shah"]
[WhiteFideId "4181751"]
[BlackFideId "25033379"]
[WhiteElo "2304"]
[BlackElo "2084"]
[Result "0-1"]
[Round "7"]
[TimeControl "180+2"]
[Date "2023.06.20"]
[WhiteClock "0:00:13"]
[BlackClock "0:01:01"]
[Board "106"]

1. e4 c6 2. d4 d5 3. e5 Bf5 4. Nf3 e6 5. Be2 c5 6. c3 Nc6 7. O-O h6 8. Be3 Nge7 9. dxc5 Bg4 10. Bd4 Ng6 11. Re1 Be7 12. h3 Bxf3 13. Bxf3 O-O 14. b4 a5 15. b5 Na7 16. c4 dxc4 17. Bxb7 Nxb5 18. Bxa8 Nxd4 19. Nc3 Bxc5 20. Bb7 Bb4 21. Rc1 Qb6 22. Be4 Nxe5 23. Qh5 Nd3 24. Na4 Qd6 25. Bxd3 cxd3 26. Red1 Ne2+ 27. Qxe2 dxe2 28. Rxd6 Bxd6 29. Re1 Rc8 30. g3 Rc2 31. Kg2 Rxa2 32. Nc3 Bb4 33. Nxa2 Bxe1 34. Kf3 Bb4 35. Nxb4 axb4 36. Kxe2 Kf8 37. Kd3 Ke7 38. Kc4 Kd6 39. f4 h5 40. Kxb4 Kd5 0-1


[Site "https://www.chess.com"]